 Dungeon Crawl Stone Soup version 0.28.0-62-gf88900778d (webtiles) character file.

Game seed: 1754973176844730788

1349727 browni3141 the Human Porcupine (level 27, 142/177 HPs)
             Began as a Human Enchanter on Feb 28, 2023.
             Was a High Priest of Nemelex Xobeh.
             Escaped with the Orb
             ... and 3 runes!
             The game lasted 05:57:49 (117202 turns).

browni3141 the Human Porcupine (Human Enchanter)  Turns: 117202, Time: 05:57:49

Health: 142/177    AC: 35    Str: 21    XL:     27
Magic:  47/47      EV: 20    Int: 36    God:    Nemelex Xobeh [*****.]
Gold:   3455       SH:  0    Dex: 28    Spells: 14/57 levels left

rFire   . . .      SeeInvis .   o - +13 scythe of Curses {drain, Drain}
rCold   + . .      Faith    +   (shield currently unavailable)
rNeg    + + .      Spirit   .   g - +9 pearl dragon scales
rPois   +          Reflect  .   y - +2 helmet of the Lion {Contam rPois rN+ Int+2 Dex+3}
rElec   +          Harm     .   U - scarf {repulsion}
rCorr   +          Rampage  .   C - +2 pair of gloves {Str+3}
Will    ++...      Rage     1%  Q - +0 pair of boots "Waikh" {Slay+2}
Stlth   +.........              H - amulet of faith {!P}
HPRegen 0.39/turn               b - ring "Hayleinn" {*Corrode Drain MP+9 Str+9 Dex+4}
MPRegen 0.30/turn               c - ring of Fyclomn {rElec rC+ rCorr Int+8 Dex+6}

@: studying Maces & Flails, repel missiles
A: berserk 1, frail 1, low MP 1, screaming 1, weak 1, evolution 1, MP-powered
wands
0: Orb of Zot
}: 3/15 runes: decaying, slimy, gossamer
a: Renounce Religion, Draw Escape, Draw Destruction, Draw Summoning, Draw Stack,
Triple Draw, Deal Four, Stack Five


You escaped.
You worshipped Nemelex Xobeh.
Nemelex Xobeh was extremely pleased with you.
You visited 13 branches of the dungeon, and saw 57 of its levels.
You visited 1 bazaar.
You also visited: Sewer, Ossuary and Bailey.

You collected 10060 gold pieces.
You spent 6605 gold pieces at shops.


Innate Abilities, Weirdness & Mutations

You tend to lose your temper in combat.
You are frail. (-10% HP)
Your magical capacity is low. (-10% MP)
You occasionally shout uncontrollably at your foes.
You are weak. (Str -2)
You have hidden genetic potential.
You expend magic power (3 MP) to strengthen your wands.


   Skills:
 - Level 12.0 Fighting
 - Level 2.0 Short Blades
 O Level 27 Polearms
 - Level 1.0 Throwing
 - Level 16.0 Armour
 - Level 12.0 Dodging
 - Level 8.0 Stealth
 - Level 2.0 Shields
 * Level 15.6 Spellcasting
 - Level 5.0 Conjurations
 * Level 20.0 Hexes
 - Level 4.0 Translocations
 - Level 6.0 Transmutations
 - Level 2.0 Ice Magic
 - Level 4.0 Air Magic
 - Level 4.0 Poison Magic
 * Level 22.9 Invocations
 - Level 6.0 Evocations


You had 14 spell levels left.
You knew the following spells:

 Your Spells              Type           Power      Damage    Failure   Level
a - Apportation           Tloc           100%       N/A       1%          1
c - Cause Fear            Hex            53%        N/A       0%          4
d - Tukima's Dance        Hex            100%       N/A       0%          3
f - Dazzling Flash        Conj/Hex       100%       N/A       1%          3
m - Mephitic Cloud        Conj/Pois/Air  56%        N/A       1%          3
o - Confusing Touch       Hex            100%       N/A       0%          3
p - Fulminant Prism       Conj/Hex       43%        3d20      1%          4
s - Slow                  Hex            100%       N/A       0%          1
z - Ensorcelled Hibernat  Hex/Ice        100%       N/A       1%          2
I - Blink                 Tloc           100%       N/A       1%          2
S - Silence               Hex/Air        42%        N/A       1%          5
X - Yara's Violent Unrav  Hex/Tmut       44%        3d17      1%          5
Y - Enfeeble              Hex            53%        N/A       1%          7

Your spell library contained the following spells:

 Spells                   Type           Power      Damage    Failure   Level
 Beastly Appendage        Tmut           100%       N/A       1%          1
 Magic Dart               Conj           100%       1d8       1%          1
 Shock                    Conj/Air       100%       1d9       1%          1
 Corpse Rot               Necr/Air       84%        N/A       1%          2
 Passwall                 Tmut/Erth      40%        N/A       1%          2
 Poisonous Vapours        Pois/Air       100%       N/A       1%          2
 Static Discharge         Conj/Air       57%        N/A       1%          2
 Wereblood                Tmut           63%        N/A       1%          2
 Gell's Gravitas          Tloc           54%        N/A       1%          3
 Inner Flame              Hex/Fire       79%        N/A       1%          3
 Lesser Beckoning         Tloc           54%        N/A       1%          3
 Portal Projectile        Hex/Tloc       100%       N/A       1%          3
 Spider Form              Tmut/Pois      59%        N/A       1%          3
 Swiftness                Air            54%        N/A       1%          3
 Teleport Other           Tloc           54%        N/A       1%          3
 Anguish                  Hex/Necr       39%        N/A       1%          4
 Leda's Liquefaction      Hex/Erth       39%        N/A       1%          4
 Ignite Poison            Fire/Tmut/Pois 51%        N/A       2%          3
 Animate Skeleton         Necr           56%        N/A       3%          1
 Pain                     Necr           100%       1d9       3%          1
 Sandblast                Erth           56%        2d13      3%          1
 Summon Small Mammal      Summ           100%       N/A       3%          1
 Call Imp                 Summ           28%        N/A       4%          2
 Scorch                   Fire           56%        2d8       4%          2
 Sublimation of Blood     Necr           28%        N/A       4%          2
 Frozen Ramparts          Ice            84%        1d10      4%          3
 Ozocubu's Armour         Ice            42%        N/A       4%          3
 Iskenderun's Mystic Bla  Conj/Tloc      57%        2d12      4%          4
 Discord                  Hex            53%        N/A       5%          8
 Airstrike                Air            27%        N/A       6%          4
 Ice Form                 Ice/Tmut       54%        N/A       6%          4
 Olgreb's Toxic Radiance  Pois           54%        N/A       6%          4
 Passage of Golubria      Tloc           54%        N/A       6%          4
 Hailstorm                Conj/Ice       52%        3d12      7%          4
 Call Canine Familiar     Summ           28%        N/A       9%          3
 Petrify                  Tmut/Erth      49%        N/A       9%          4
 Irradiate                Conj/Tmut      30%        3d23      9%          5
 Flame Wave               Conj/Fire      46%        2d10      11%         4
 Alistair's Intoxication  Tmut/Pois      39%        N/A       11%         5
 Summon Lightning Spire   Summ/Air       42%        N/A       13%         4
 Lightning Bolt           Conj/Air       28%        1d45      13%         5
 Manifold Assault         Tloc           54%        N/A       16%         5
 Freezing Cloud           Conj/Ice/Air   26%        6-21      19%         5
 Summon Ice Beast         Ice/Summ       35%        N/A       21%         4
 Animate Dead             Necr           14%        N/A       30%         4
 Dispel Undead            Necr           28%        3d13      30%         4
 Fireball                 Conj/Fire      23%        3d11      30%         5
 Summon Forest            Summ/Tloc      21%        N/A       36%         5
 Eringya's Noxious Bog    Tmut/Pois      29%        N/A       52%         6
 Conjure Ball Lightning   Conj/Air       28%        3x3d8     58%         6
 Agony                    Necr           28%        N/A       63%         5
 Borgnjor's Vile Clutch   Necr/Erth      14%        N/A       63%         5
 Excruciating Wounds      Necr           14%        N/A       63%         5
 Lee's Rapid Deconstruct  Erth           14%        3d10*     63%         5
 Starburst                Conj/Fire      23%        6d8       86%         6
 Dragon Form              Tmut           31%        N/A       91%         7
 Simulacrum               Ice/Necr       17%        N/A       97%         6
 Storm Form               Tmut/Air       29%        N/A       97%         7
 Haunt                    Necr/Summ      14%        N/A       100%        7
 Ozocubu's Refrigeration  Ice            21%        4d9       100%        7
 Spellforged Servitor     Conj/Summ      23%        N/A       100%        7
 Summon Hydra             Summ           14%        N/A       100%        7
 Borgnjor's Revivificati  Necr           14%        N/A       100%        8
 Disjunction              Tloc           27%        N/A       100%        8
 Ignition                 Fire           14%        3d6       100%        8
 Infestation              Necr           14%        N/A       100%        8
 Lehudib's Crystal Spear  Conj/Erth      23%        10d6      100%        8
 Maxwell's Capacitive Co  Air            27%        ∞         100%        8
 Necromutation            Tmut/Necr      24%        N/A       100%        8
 Summon Horrible Things   Summ           14%        N/A       100%        8
 Death's Door             Necr           14%        N/A       100%        9
 Dragon's Call            Summ           14%        N/A       100%        9
 Polar Vortex             Ice            21%        N/A       100%        9

Inventory:

Hand Weapons
 o - the +13 scythe of Curses (weapon) {drain, Drain}
   (You found it on level 14 of the Dungeon)

   A truly terrible weapon, it drains the life of any living foe it strikes.
   It inflicts powerful necromantic curses on any living foe it strikes.
   Drain:     It drains your maximum health when unequipped.
Armour
 g - +9 pearl dragon scales (worn)
 y - the +2 helmet of the Lion (worn) {Contam rPois rN+ Int+2 Dex+3}
   (You found it on level 4 of the Realm of Zot)

   Int:       It affects your intelligence (+2).
   Dex:       It affects your dexterity (+3).
   rPois:     It protects you from poison.
   rN:        It protects you from negative energy.
   Contam:    It causes magical contamination when unequipped.
 C - a +2 pair of gloves of strength (worn)
 Q - the +0 pair of boots "Waikh" (worn) {Slay+2}
   (You found it on level 11 of the Dungeon)

   Slay:      It affects your accuracy & damage with ranged weapons and melee
   (+2).
 U - a scarf of repulsion (worn)
Jewellery
 b - the ring "Hayleinn" (left hand) {*Corrode Drain MP+9 Str+9 Dex+4}
   (You bought it in a shop on level 1 of the Depths)

   [ring of magical power]

   Str:       It affects your strength (+9).
   Dex:       It affects your dexterity (+4).
   MP:        It affects your magic capacity (+9).
   *Corrode:  It may corrode you when you take damage.
   Drain:     It drains your maximum health when unequipped.
 c - the ring of Fyclomn (right hand) {rElec rC+ rCorr Int+8 Dex+6}
   (You found it on level 3 of the Depths)

   [ring of dexterity]

   Int:       It affects your intelligence (+8).
   Dex:       It affects your dexterity (+6).
   rC:        It protects you from cold.
   rElec:     It insulates you from electricity.
   rCorr:     It protects you from acid and corrosion.
 q - the ring "Gammal" {+Blink rElec rN+}
   (You took it off a deep elf blademaster on level 3 of the Elven Halls)

   [ring of positive energy]

   rElec:     It insulates you from electricity.
   rN:        It protects you from negative energy.
   +Blink:    It lets you blink.
 v - a ring of see invisible
 E - the ring of Hataje Uqial {rC++ MP+9 Str+5}
   (You found it on level 3 of the Depths)

   [ring of magical power]

   Str:       It affects your strength (+5).
   rC:        It greatly protects you from cold.
   MP:        It affects your magic capacity (+9).
 H - an amulet of faith (around neck) {!P}
 T - the ring "Zucyph" {Will+ rCorr AC+4 Str+4}
   (You bought it in a shop on level 6 of the Dungeon)

   [ring of protection]

   AC:        It affects your AC (+4).
   Str:       It affects your strength (+4).
   rCorr:     It protects you from acid and corrosion.
   Will:      It increases your willpower.
Wands
 a - a wand of charming (12)
 m - a wand of acid (5)
 s - a wand of digging (24)
 N - a wand of iceblast (8)
 P - a wand of polymorph (22)
 W - a wand of mindburst (34)
 Z - a wand of paralysis (21)
Scrolls
 h - 14 scrolls of fog {@r5}
 i - 14 scrolls of teleportation {@r4}
 k - a scroll of blinking {@r3}
 n - 8 scrolls of magic mapping
 r - 7 scrolls of vulnerability {!r}
 u - 3 scrolls of torment {!r}
 x - 9 scrolls of immolation {!r}
 z - 8 scrolls of fear
 D - a scroll of summoning
 G - 9 scrolls of holy word
 K - 12 scrolls of amnesia
Potions
 d - 7 potions of attraction {!q}
 e - 6 potions of haste {@q3}
 f - 10 potions of flight
 l - 21 potions of curing {@q1}
 p - 8 potions of magic
 t - 2 potions of heal wounds {@q2}
 w - 3 potions of invisibility
 A - 19 potions of ambrosia
 B - a potion of resistance
 F - 12 potions of lignification {!q}
 L - 5 potions of mutation {!q}
 O - 7 potions of cancellation
 S - 9 potions of brilliance
 V - 10 potions of might
Miscellaneous
 j - a phantom mirror
 I - a tin of tremorstones (2/2) {@f1}
 J - a piece from Xom's chessboard (15/15)
 M - a box of beasts
 R - a phial of floods
 X - a lightning rod (4/4)
 Y - a condenser vane

Dungeon Overview and Level Annotations

Branches:
Dungeon (15/15)            Temple (1/1) D:4            Lair (6/6) D:9
  Swamp (4/4) Lair:4       Spider (4/4) Lair:4        Slime (5/5) Lair:6
    Orc (2/2) D:9             Elf (3/3) Orc:2        Vaults (4/5) D:14
  Crypt (3/3) Vaults:2       Tomb (1/3) Crypt:3      Depths (4/4) D:15
    Zot (5/5) Depths:4      Sewer (visited)         Ossuary (visited)
 Bailey (visited)

Altars:
Ashenzari
Cheibriados
Dithmenos
Elyvilon
Fedhas
Gozag
Hepliaklqana
Kikubaaqudgha
Makhleb
Nemelex Xobeh
Okawaru
Qazlal
Ru
Sif Muna
Trog
Uskayaw
Vehumet
Wu Jian
Xom
Yredelemnul
Zin
The Shining One
Beogh

Shops:
D:1 [   D:6 =   D:12 *   D:13 (   Orc:2 [:([*   Elf:2 ((   Elf:3 :*
Vaults:2 :   Vaults:3 [!   Depths:1 =:=   Depths:3 *   Depths:4 ==!**

Portals:
Hell: Depths:1 Depths:2 Depths:3 Depths:4
Abyss: Depths:3
Pandemonium: Depths:1 Depths:2
Ziggurat: Depths:1
Trove: D:14 (give 5 potions of resistance)

Annotations:
Elf:1 6 runed translucent doors
Elf:2 3 runed translucent doors
Depths:1 3 runed translucent doors, Hiciz's ghost, adept DgCj
Depths:3 3 runed translucent doors
Zot:3 2 transporters, stpyramids's ghost, legendary DDFi

####............######.......####
......###'####.## #.#..####
#.##.## ### #.## #.#....#####
#.##.#### ###..######.#.>..#....
#.......# ##...........#....#....
#######.###..≈≈≈≈≈≈≈...#....#....
#..#..≈≈...♣.≈≈..#....#####
##...≈≈.......≈≈......# ##
#..≈≈..8.@..♣.≈≈.....# #.
#..≈..♣.....8..≈..#### #.
#..≈.....♣.....≈..# #.
#..≈≈.........≈≈..# #.
#...≈≈..8..♣.≈≈...# #.
#....≈≈♣....≈≈....# #.
##.#..≈≈≈.≈≈≈.....# ##
#.#.............##
#.#............##


There were no monsters in sight!


Message History

There is an escape hatch in the ceiling, spattered with blood here.
A mysterious force pulls you upwards. The hatch slams shut behind you.
There is a stone staircase leading up here.
You climb upwards.
There is a stone staircase leading down here.
There is a stone staircase leading up here.
You climb upwards.
There is a stone staircase leading down here.
Things that are here:
a +0 whip; a +0 spear
There is a stone staircase leading up here.
You climb upwards.
There is a stone staircase leading down here.
A blizzard demon comes into view.
The blizzard demon shouts!
The blizzard demon gestures at you. The freezing blast misses you.
You are engulfed in freezing vapours.
You resist.
You are engulfed in freezing vapours.
You resist. The blizzard demon gestures at you.
There is a stone staircase leading up here.
You climb upwards.
There is a stone staircase leading down here.
(D) Dungeon (T) Temple (L) Lair (S) Swamp (N) Spider Nest (M) Slime Pits (O) Orcish Mines (E) Elven Halls (V) Vaults (C) Crypt (W) Tomb (U) Depths (H) Hell (Z) Zot
Where to? (Enter - D:1 @ (x,y), ? - help)
There is a staircase leading out of the dungeon here.
You have escaped!

Skill      XL: |  1  2  3  4  5  6  7  8  9 10 11 12 13 14 15 16 17 18 19 20 21 22 23 24 25 26 27 |
---------------+----------------------------------------------------------------------------------+-----
Fighting       | 1 2 3 4 6 7 9 10 11 12 | 12.0
Ice Magic      | 1 2 |  2.0
Hexes          | 4 5 7 8 9 10 12 14 15 20 | 20.0
Evocations     | 2 3 4 5 6 |  6.0
Short Blades   | 2 |  2.0
Stealth        | 4 5 6 7 8 |  8.0
Throwing       | 1 |  1.0
Invocations    | 4 5 6 7 10 12 13 14 15 16 17 19 22 | 22.9
Polearms       | 3 4 11 13 14 15 16 17 19 21 23 24 25 26 27 | 27.0
Dodging        | 3 4 6 7 9 10 11 12 | 12.0
Conjurations   | 2 4 5 |  5.0
Shields        | 1 2 |  2.0
Spellcasting   | 3 4 5 7 10 15 | 15.6
Air Magic      | 3 4 |  4.0
Poison Magic   | 3 4 |  4.0
Armour         | 3 4 9 12 14 15 16 | 16.0
Transmutations | 3 5 6 |  6.0
Translocations | 4 |  4.0

Action                   |  1- 3 |  4- 6 |  7- 9 | 10-12 | 13-15 | 16-18 | 19-21 | 22-24 | 25-27 || total
-------------------------+-------+-------+-------+-------+-------+-------+-------+-------+-------++-------
Melee: Dagger            |   109 |   123 |   469 |       |       |       |       |       |       ||   701
       Punch             |     1 |     2 |     8 |    10 |       |       |       |       |       ||    21
       Spear             |       |       |       |   744 |       |       |       |       |       ||   744
       Halberd           |       |       |       |     4 |       |       |       |       |       ||     4
       Trident           |       |       |       |   195 |  1836 |   935 |       |       |       ||  2966
       Unarmed           |       |       |       |       |     3 |       |       |       |       ||     3
       Scythe            |       |       |       |       |       |   506 |   858 |  1525 |  2913 ||  5802
Throw: Dart              |       |       |    10 |       |       |       |       |       |       ||    10
       Throwing net      |       |       |     1 |       |       |       |       |       |       ||     1
 Cast: Ensorcelled Hiber |    22 |    35 |     5 |    21 |    12 |    20 |       |       |       ||   115
       Tukima's Dance    |     1 |    15 |    11 |    71 |    58 |    95 |    51 |    16 |    28 ||   346
       Confusing Touch   |       |     2 |    34 |    40 |   143 |    55 |       |     4 |     8 ||   286
       Dazzling Flash    |       |       |       |     7 |     9 |     6 |       |     1 |       ||    23
       Mephitic Cloud    |       |       |       |       |       |     1 |    16 |    18 |     7 ||    42
       Yara's Violent Un |       |       |       |       |       |       |    50 |    21 |    35 ||   106
       Blink             |       |       |       |       |       |       |       |    14 |    46 ||    60
       Fulminant Prism   |       |       |       |       |       |       |       |     1 |     1 ||     2
       Cause Fear        |       |       |       |       |       |       |       |       |     7 ||     7
       Slow              |       |       |       |       |       |       |       |       |     1 ||     1
       Enfeeble          |       |       |       |       |       |       |       |       |    31 ||    31
       Silence           |       |       |       |       |       |       |       |       |    11 ||    11
Invok: Draw Destruction  |       |       |     5 |    16 |    33 |    31 |    19 |    32 |     7 ||   143
       Draw Summoning    |       |       |     1 |     3 |     7 |    23 |     5 |     4 |    11 ||    54
       Draw Escape       |       |       |     1 |       |     1 |     5 |     2 |       |     7 ||    16
       Deal Four         |       |       |       |     1 |     6 |     9 |     4 |     1 |    21 ||    42
       Stack Five        |       |       |       |       |     1 |       |     1 |     2 |       ||     4
       Draw Stack        |       |       |       |       |     1 |     4 |     5 |     5 |     4 ||    19
       Triple Draw       |       |       |       |       |       |     2 |       |       |     2 ||     4
Evoke: Wand              |       |     5 |     4 |     5 |     5 |    13 |     8 |     3 |    13 ||    56
       Tin of tremorston |       |       |       |       |       |     4 |     6 |     5 |     4 ||    19
       Condenser vane    |       |       |       |       |       |       |       |     1 |     4 ||     5
       Box of beasts     |       |       |       |       |       |       |       |     1 |     2 ||     3
       Phantom mirror    |       |       |       |       |       |       |       |     1 |     1 ||     2
  Use: Potion            |     1 |       |     1 |     2 |       |     5 |     2 |     5 |    29 ||    45
       Scroll            |       |       |     1 |    11 |     3 |    18 |    14 |     9 |    20 ||    76
 Stab: Invisible         |     2 |       |       |     5 |     6 |       |       |     1 |     5 ||    19
       Sleeping          |    16 |    14 |     8 |    14 |    15 |    20 |    16 |    21 |    17 ||   141
       Confused          |       |       |    43 |    69 |   175 |    74 |    13 |    25 |    32 ||   431
       Held in net/web   |       |       |     1 |       |       |       |       |     2 |       ||     3
       Distracted        |       |       |       |     5 |     4 |     6 |     7 |     7 |    22 ||    51
       Fleeing           |       |       |       |       |       |       |       |       |     2 ||     2
       Petrified         |       |       |       |       |       |       |       |       |     1 ||     1
Armor: Leather armour    |     4 |       |       |    88 |     7 |       |       |       |       ||    99
       Robe              |    14 |    24 |    68 |    22 |       |       |       |       |       ||   128
       Troll leather arm |       |       |       |       |   249 |   447 |   131 |       |       ||   827
       Pearl dragon scal |       |       |       |       |       |       |   106 |   605 |  1095 ||  1806
Dodge: Dodged            |    75 |    84 |   240 |   503 |   834 |  1114 |   525 |   810 |  1687 ||  5872
       Repelled          |       |       |       |       |     3 |    19 |    10 |    19 |    60 ||   111
Block: Buckler           |       |       |       |    48 |   215 |   123 |       |       |       ||   386

Levels and vault maps discovered:
D:1:      moated_graveyard_arrival, layout_basic, serial_shops,
          nicolae_shop_hallway_plus, hellmonk_ecumenical_altar_inner_sanctum
D:2:      layout_loops_ring, dk_noncrumbling_3
D:3:      layout_basic, cheibriados_altar_1, ebering_ghost_rock_garden,
          uniq_grinder
D:4:      layout_cave_pools, mainiacjoe_overflow_tiny_flanked,
          minmay_temple_entry_ruins, minmay_tree_intersection
D:5:      layout_cave_pools, mainiacjoe_overflow_surrounded_room,
          mainiacjoe_overflow_brackets, cheibrodos_sewer_entry_bend,
          kennysheep_generic_room_16
D:6:      layout_basic, nicolae_uskayaw_murder_on_the_dancefloor, serial_shops,
          shop, enter_ossuary_5, ebering_ghost_sewer_d, grunt_ministairs_5
D:7:      layout_basic, mainiacjoe_overflow_six_doors_small, serial_curves,
          eino_curves_03, eino_curves_02, st_stairs_2, grunt_ministairs_3,
          uniq_joseph, uniq_duvessa
D:8:      layout_loops_corners, serial_undead, serial_undead_f, serial_undead_c,
          serial_undead_b, serial_undead_e, kennysheep_small_square
D:9:      layout_cave_pools, elyvilon_altar_5, dpeg_oklobed_lair, david_orc_2,
          chequers_serial_rivers_micro_c, chequers_garden, grunt_ministairs_4
D:10:     layout_long_grid, chequers_temple_overflow_minitemple, enter_bailey_5,
          special_room [special_room_orc], kennysheep_small_spiral
D:11:     layout_loops_corners
D:12:     wad_crossroads, layout_irregular_city, gammafunk_ghost_nasty_kobolds,
          nicolae_shop_sticking_my_neck_out, uniq_josephine
D:13:     layout_loops_corners, serial_shops,
          nicolae_shop_temple_entry_statues_fountains
D:14:     layout_loops_ring, hangedman_vaults_entry_quadrant_bands,
          nicolae_trove_entry_diagonal, infiniplex_staircase_spiral,
          minmay_guarded_unrand_curses
D:15:     gammafunk_depths_entry_grave, layout_layer_cave, uniq_nessos,
          uniq_agnes
Temple:   nicolae_temple_hex_pool
Lair:1:   layout_roguey [special_room_bee], beast_lair_carwin_4
Lair:2:   layout_gridlike, kennysheep_rathole, serial_bayou_shore_a
Lair:3:   layout_chaotic_city, grunt_megastairs_4, serial_bayou_shore_b
Lair:4:   layout_layer_cave, skrybe_swamp_entry_bodies,
          nicolae_spider_entry_orb_guardian, minivault_25
Lair:5:   layout_gridlike, basic_altar, ebering_ghost_funeral_grove,
          infiniplex_staircase_pool, uniq_kirke
Lair:6:   minmay_lair_end_frog_pond, layout_regular_city,
          minmay_slime_entry_jelly_boxes, serial_bayou, serial_bayou_pond_c,
          serial_bayou_shore_b, serial_bayou_pond_b, serial_bayou_pond_a
Swamp:1:  layout_falls_marsh, nicolae_swamp_feature_on_the_river_bank,
          swamp_pool4
Swamp:2:  layout_basic_swamp, nicolae_swamp_tree_designs
Swamp:3:  cheibrodos_swamp_monstrosity, layout_basic_swamp,
          evilmike_swamp_ruin_rubble_1
Swamp:4:  swamp_alternative, layout_basic_swamp, swamp_pool3,
          nicolae_swamp_spooky_pond
Spider:1: layout_spider_delve
Spider:2: layout_spider_delve
Spider:3: layout_spider_delve, hellmonk_deceptive_appearances, uniq_donald
Spider:4: guppyfry_spider_rune, uniq_aizul
Slime:1:  layout_caves
Slime:2:  layout_caves
Slime:3:  layout_caves, nicolae_slime_welcoming_committee
Slime:4:  layout_caves
Slime:5
Orc:1:    layout_caves, uniq_gastronok, uniq_urug
Orc:2:    grunt_orc_cross, layout_caves, serial_shops, shop_fountains,
          nicolae_orc_rockfall
Elf:1:    layout_rooms, orc_legates
Elf:2:    nicolae_elf_blades_crystal_corner, layout_gridlike, serial_shops,
          shop, shop, nicolae_shop_crystal
Elf:3:    nooodl_elf_gasket, layout_geoelf_octagon, basic_altar, serial_shops,
          shop, nicolae_specific_store
Vaults:1: grunt_vaults_swirl, hangedman_vaults_trim,
          vaults_room_hangedman_quadrants, vaults_room_semicircle,
          vaults_room_fours, v_misc_27, layout_vaults_omnigrid
Vaults:2: vaults_mumra_hexcomb, v_pattern_1, minmay_crypt_entry_nasty_monster,
          vaults_mumra_minichess, vaults_room_mumra_shop_pool,
          hangedman_vaults_snaps, hangedman_vaults_stream, st_eye,
          nicolae_vaults_alarming, nicolae_vaults_circle_grid_a,
          nicolae_vaults_little_squares_3, ontoclasm_vaults_hangar, v_misc_19,
          layout_vaults_maze_snakey, uniq_boris, uniq_xtahua
Vaults:3: nicolae_vaults_specimen_jars, nicolae_vaults_border_crossing,
          ontoclasm_vaults_tryst, vaults_room_corners, ontoclasm_vaults_shout,
          v_misc_3, v_misc_8, vaults_standard_mumra_enter_the_diamond,
          vaults_dpeg_cross, v_misc_26, v_misc_13, nicolae_vaults_asterisk,
          v_misc_12, nicolae_vaults_little_squares_4, layout_vaults_omnicross,
          serial_shops, bzr_entry_gold, nicolae_lakefront_shop,
          nicolae_shop_stone
Vaults:4: nicolae_vaults_little_squares_6, nicolae_vaults_little_squares_1,
          hangedman_vaults_unwind, vaults_room_fours,
          nicolae_vaults_diagonal_hallway_7, hangedman_vaults_stitches,
          vaults_room_door_ring, v_misc_4, vaults_room_fours,
          nicolae_vaults_display_case, ontoclasm_vaults_misaligned,
          layout_vaults_chaotic_city
Crypt:1:  layout_chaotic_city, minivault_27, grunt_crypt_arrival_split,
          grunt_megastairs_5
Crypt:2:  layout_regular_city, grunt_megastairs_3, uniq_jory
Crypt:3:  due_elkab, layout_chaotic_city, tomb_entry_forgotten_bobbens,
          basic_altar
Tomb:1
Depths:1: layout_cave_pools, enter_ziggurat_f, fountainhead,
          grunt_pan_entry_spiral, hell_entry, gammafunk_ghost_split,
          st_stairs_6, chequers_jeans, hangedman_abyss_or_decor_stagger,
          minmay_misc_feat_cross, fedhas_altar_4, minmay_shop_grove
Depths:2: minmay_distorted_concentric_squares, layout_gridlike,
          lightli_too_deep, amcnicky_mini_rare_corridor_liquid,
          rand_demon_pan_entry_7, skrybe_limestone_x,
          chequers_serial_rivers_small_3
Depths:3: impenetrable_vault, layout_gridlike, serial_shops, kennysheep_mini,
          nicolae_gozag_cash_rules_everything_around_me, hell_entry,
          abyss_entry_small_statue_room, okawaru_ov_weapons_minmay,
          grunt_megastairs_2, serial_bayou_shore_b,
          infiniplex_staircase_zigzag_3
Depths:4: lemuel_castle_with_subvaults [lemuel_castle_interior_original],
          layout_cave_pools, hangedman_geh_valley, serial_shops,
          nicolae_shop_statue_plus, nicolae_shop_statue_plus,
          nicolae_shop_hallway_plus, shop, shop, due_unseen_surprise
Zot:1:    layout_concentric_octagons
Zot:2:    lemuel_firehouse, layout_onion
Zot:3:    layout_basic, gammafunk_ghost_berserking_beasts
Zot:4:    layout_gridlike, hangedman_zot_wheel_spokes, hangedman_player_shredder
Zot:5:    layout_gridlike

Notes
Turn   | Place    | Note
-------+----------+-------------------------------------------
     0 | D:1      | browni3141 the Human Enchanter began the quest for the Orb.
     0 | D:1      | Reached XP level 1. HP: 13/13 MP: 3/3
   105 | D:1      | Reached skill level 1 in Fighting
   192 | D:1      | Reached XP level 2. HP: 21/21 MP: 5/5
   277 | D:1      | Found Naog's Antique Armour Boutique.
   468 | D:1      | Found a faded altar of an unknown god.
   708 | D:1      | Learned a level 2 spell: Ensorcelled Hibernation
   784 | D:2      | Reached XP level 3. HP: 26/26 MP: 1/6
  1505 | D:2      | Reached skill level 1 in Ice Magic
  1892 | D:3      | Learned a level 3 spell: Tukima's Dance
  1967 | D:3      | Found a snail-covered altar of Cheibriados.
  2320 | D:3      | Noticed Grinder
  2391 | D:2      | Reached skill level 4 in Hexes
  2391 | D:2      | Reached XP level 4. HP: 20/32 MP: 0/7
  2874 | D:3      | Reached skill level 1 in Evocations
  3389 | D:3      | Reached skill level 2 in Ice Magic
  3819 | D:3      | Reached skill level 2 in Evocations
  3819 | D:3      | Reached XP level 5. HP: 37/37 MP: 5/8
  4049 | D:4      | Found an ornate altar of the Wu Jian Council.
  4226 | D:4      | Found a staircase to the Ecumenical Temple.
  4266 | Temple   | Entered the Ecumenical Temple
  4320 | Temple   | Became a worshipper of Nemelex Xobeh the Trickster
  4590 | D:4      | Reached skill level 3 in Evocations
  4590 | D:4      | Reached XP level 6. HP: 28/43 MP: 9/9
  4794 | D:4      | Noticed a necrophage
  4875 | Temple   | Reached skill level 4 in Evocations
  5149 | D:4      | Learned a level 3 spell: Confusing Touch
  5449 | D:5      | Entered Level 5 of the Dungeon
  5485 | D:5      | Reached * piety under Nemelex Xobeh
  5511 | D:5      | Found a basalt altar of Yredelemnul.
  5532 | D:5      | Received a gift from Nemelex Xobeh
  5563 | D:5      | Found a glowing drain.
  5806 | Sewer    | Entered a sewer
  5864 | Sewer    | Noticed a water moccasin
  5876 | Sewer    | Killed a water moccasin
  5877 | Sewer    | Reached skill level 5 in Hexes
  5877 | Sewer    | Reached XP level 7. HP: 23/48 MP: 1/10
  5885 | Sewer    | HP: 4/48 [poisoned by a water moccasin]
  6282 | D:5      | Reached skill level 2 in Short Blades
  6748 | D:5      | Found a blossoming altar of Fedhas.
  6964 | D:4      | Reached skill level 4 in Stealth
  7050 | D:4      | Reached XP level 8. HP: 15/54 MP: 5/11
  7297 | D:5      | Reached skill level 5 in Stealth
  7297 | D:5      | Reached skill level 6 in Hexes
  7472 | D:5      | Reached skill level 1 in Throwing
  7472 | D:5      | Reached skill level 1 in Invocations
  7544 | D:5      | Reached ** piety under Nemelex Xobeh
  7747 | D:5      | Reached skill level 2 in Invocations
  7876 | D:5      | Reached skill level 3 in Invocations
  8135 | D:6      | Reached skill level 4 in Invocations
  8191 | D:6      | Identified the +0 helmet of Lightning Storm {rPois rN+
                  | Int+4}
  8286 | D:6      | Reached skill level 7 in Hexes
  8292 | D:6      | Found a sand-covered staircase.
  8368 | Ossuary  | Entered an ossuary
  8719 | Ossuary  | Reached XP level 9. HP: 52/59 MP: 9/12
  8857 | Ossuary  | Reached skill level 8 in Hexes
  9159 | Ossuary  | Reached skill level 1 in Polearms
  9735 | D:6      | Found a hide-covered altar of Uskayaw.
  9776 | D:6      | Found a runed translucent door.
  9793 | D:6      | Noticed XVortexX's ghost (novice DsFi)
 10060 | D:6      | Found Nuuluk's Jewellery Boutique.
 10389 | D:7      | Reached skill level 2 in Polearms
 10756 | D:7      | Noticed Duvessa
 10756 | D:7      | Noticed Dowan
 10758 | D:7      | Killed Dowan
 10758 | D:7      | Killed Duvessa
 10759 | D:7      | Reached skill level 2 in Fighting
 10759 | D:7      | Reached skill level 5 in Invocations
 10780 | D:7      | Reached skill level 6 in Stealth
 10787 | D:7      | Noticed Joseph
 10847 | D:6      | Killed Joseph
 10848 | D:6      | Reached skill level 3 in Polearms
 10848 | D:6      | Reached skill level 3 in Dodging
 10848 | D:6      | Reached XP level 10. HP: 12/68 MP: 5/14
 11778 | D:7      | Found a hazy altar of Hepliaklqana.
 11801 | D:7      | Reached *** piety under Nemelex Xobeh
 11801 | D:7      | Received a gift from Nemelex Xobeh
 12263 | D:7      | Reached skill level 9 in Hexes
 12263 | D:7      | Reached skill level 6 in Invocations
 12567 | D:7      | Found a hazy altar of Hepliaklqana.
 13076 | D:3      | Found a runed translucent gate.
 13110 | D:3      | Killed Grinder
 13111 | D:3      | Reached skill level 3 in Fighting
 13111 | D:3      | Reached skill level 4 in Polearms
 13111 | D:3      | Found a runed translucent gate.
 13112 | D:3      | Found a runed translucent gate.
 13112 | D:3      | Noticed bigairbonus's ghost (amateur DsBe)
 13302 | D:7      | Learned a level 3 spell: Dazzling Flash
 13338 | D:8      | Received a gift from Nemelex Xobeh
 13403 | D:8      | Reached skill level 7 in Stealth
 13549 | D:8      | Received a gift from Nemelex Xobeh
 13643 | D:8      | Reached skill level 1 in Conjurations
 14764 | D:8      | Reached **** piety under Nemelex Xobeh
 15070 | D:8      | Reached skill level 2 in Conjurations
 15325 | D:9      | Got the Volume of Supportive Earth
 15584 | D:9      | Received a gift from Nemelex Xobeh
 15937 | D:8      | Reached skill level 1 in Shields
 15937 | D:8      | Reached skill level 3 in Spellcasting
 15937 | D:8      | Reached XP level 11. HP: 60/75 MP: 12/15
 16067 | D:8      | Reached skill level 4 in Dodging
 16323 | D:8      | Reached skill level 5 in Polearms
 16501 | D:9      | Found a white marble altar of Elyvilon.
 16542 | D:9      | Noticed a soul eater
 16737 | D:9      | Reached skill level 2 in Shields
 16909 | D:9      | Found a staircase to the Lair.
 17079 | D:9      | Found a staircase to the Orcish Mines.
 17332 | D:9      | Received a gift from Nemelex Xobeh
 17462 | D:10     | Entered Level 10 of the Dungeon
 17512 | D:10     | Found a sacrificial altar of Ru.
 17512 | D:10     | Found a faded altar of an unknown god.
 17517 | D:10     | Found a faded altar of an unknown god.
 17522 | D:10     | Found an opulent altar of Gozag.
 17523 | D:10     | Found a glowing silver altar of Zin.
 17566 | D:10     | Found a flagged portal.
 17584 | D:10     | Reached skill level 8 in Stealth
 17956 | D:10     | Reached skill level 4 in Fighting
 18012 | Bailey   | Entered a bailey
 18017 | Bailey   | Noticed an orc warlord
 18146 | Bailey   | Reached skill level 4 in Spellcasting
 18322 | Bailey   | Found a runed translucent gate.
 18322 | Bailey   | Found a runed translucent gate.
 18322 | Bailey   | Found a runed translucent gate.
 18490 | Bailey   | Killed an orc warlord
 18491 | Bailey   | Reached skill level 6 in Polearms
 18491 | Bailey   | Reached skill level 10 in Hexes
 18523 | Bailey   | Reached skill level 11 in Polearms
 18523 | Bailey   | Reached XP level 12. HP: 83/83 MP: 18/18
 20097 | D:11     | Received a gift from Nemelex Xobeh
 20609 | D:11     | Reached ***** piety under Nemelex Xobeh
 20650 | D:11     | Identified the +1 long sword of the Spinneret {chaos, rElec
                  | rF++ rCorr Int-4}
 20876 | D:11     | Reached skill level 7 in Invocations
 21111 | D:11     | Identified the +0 pair of boots "Waikh" {Slay+2}
 21184 | D:11     | Noticed a two-headed ogre
 21220 | D:11     | Killed a two-headed ogre
 21434 | D:10     | Reached XP level 13. HP: 28/90 MP: 6/19
 22042 | D:11     | Received a gift from Nemelex Xobeh
 22067 | D:11     | Reached skill level 5 in Fighting
 22353 | D:11     | Reached skill level 5 in Dodging
 22546 | D:11     | Reached skill level 12 in Polearms
 22750 | D:11     | Reached skill level 8 in Invocations
 22991 | Lair:1   | Entered Level 1 of the Lair of Beasts
 23655 | Lair:1   | Received a gift from Nemelex Xobeh
 23800 | Lair:1   | Reached skill level 9 in Invocations
 24393 | Lair:1   | Reached skill level 6 in Fighting
 24674 | Lair:1   | Reached skill level 6 in Dodging
 24790 | Lair:2   | Noticed a five-headed hydra
 25051 | Lair:2   | Received a gift from Nemelex Xobeh
 25481 | D:6      | Bought the ring "Zucyph" {Will+ rCorr AC+4 Str+4} for 688
                  | gold pieces
 25614 | Lair:2   | Killed a five-headed hydra
 25615 | Lair:2   | Reached skill level 13 in Polearms
 25878 | Lair:2   | Noticed a six-headed hydra
 25885 | Lair:2   | Killed a six-headed hydra
 25886 | Lair:2   | Reached skill level 10 in Invocations
 26200 | Lair:3   | Reached XP level 14. HP: 101/101 MP: 18/21
 26228 | Lair:3   | Received a gift from Nemelex Xobeh
 26848 | Lair:3   | Reached skill level 7 in Fighting
 26857 | Lair:3   | Reached skill level 7 in Dodging
 26928 | Lair:3   | Received a gift from Nemelex Xobeh
 27284 | Lair:4   | Reached skill level 11 in Invocations
 27555 | Lair:4   | Received a gift from Nemelex Xobeh
 28164 | Lair:4   | Found a hole to the Spider Nest.
 28218 | Lair:4   | Found a staircase to the Swamp.
 28389 | Lair:5   | Received a gift from Nemelex Xobeh
 28429 | Lair:5   | Reached skill level 14 in Polearms
 28468 | Lair:5   | Reached ****** piety under Nemelex Xobeh
 28590 | Lair:5   | Found a runed translucent door.
 28597 | Lair:5   | Noticed browni3141's ghost (journeyman HuEn)
 28598 | Lair:5   | Identified the +2 spear of Rige {freeze, rElec rCorr MP+9
                  | Int-4}
 28674 | Lair:5   | Received a gift from Nemelex Xobeh
 28898 | Lair:5   | Found a shadowy altar of Dithmenos.
 28928 | Lair:5   | Noticed Kirke
 28938 | Lair:5   | Killed Kirke
 29125 | Lair:5   | Received a gift from Nemelex Xobeh
 29483 | Lair:5   | Killed browni3141's ghost
 29583 | Lair:6   | Entered Level 6 of the Lair of Beasts
 29595 | Lair:6   | Reached skill level 12 in Invocations
 29662 | Lair:6   | Reached XP level 15. HP: 53/110 MP: 10/24
 29750 | Lair:6   | Reached skill level 8 in Fighting
 29830 | Lair:6   | Reached skill level 8 in Dodging
 30309 | Lair:6   | Received a gift from Nemelex Xobeh
 30582 | Lair:6   | Reached skill level 15 in Polearms
 30632 | Lair:6   | Reached skill level 13 in Invocations
 30650 | Lair:6   | Found a staircase to the Slime Pits.
 30650 | Lair:6   | Received a gift from Nemelex Xobeh
 30714 | Lair:6   | Identified the +0 long sword "Rayfohu" {venom, rN+}
 32011 | Orc:1    | Entered Level 1 of the Orcish Mines
 32017 | Orc:1    | Noticed Urug
 32029 | Orc:1    | Killed Urug
 32242 | Orc:2    | Entered Level 2 of the Orcish Mines
 32245 | Orc:1    | Noticed Gastronok
 32263 | Orc:2    | Found Tiveebif's Antique Armour Shop.
 32407 | Orc:2    | Received a gift from Nemelex Xobeh
 32723 | Orc:2    | Noticed an orc warlord
 32908 | Orc:2    | Found a staircase to the Elven Halls.
 32961 | Orc:2    | Reached skill level 9 in Fighting
 32967 | Orc:2    | Reached skill level 9 in Dodging
 33120 | Orc:2    | Found Fioxka's Antique Armour Boutique.
 33161 | Orc:2    | Reached XP level 16. HP: 106/120 MP: 26/26
 33195 | Orc:2    | Found Diow Okh's Antique Weapon Boutique.
 33391 | Orc:2    | Found Xasepsev's General Store.
 33442 | Orc:2    | Found Naotuj's Book Boutique.
 33716 | Orc:2    | Reached skill level 14 in Invocations
 33758 | Orc:1    | Received a gift from Nemelex Xobeh
 34033 | Orc:1    | Killed Gastronok
 34207 | Orc:2    | Bought a smoking trident for 272 gold pieces
 34207 | Orc:2    | Identified the +12 trident "Gram" {antimagic, Dex+2} (You
                  | bought it in a shop on level 2 of the Orcish Mines)
 34240 | Orc:2    | Bought a scorched leather armour for 210 gold pieces
 34240 | Orc:2    | Identified the +1 leather armour of Wusuo {rPois rN+ Int+2}
                  | (You bought it in a shop on level 2 of the Orcish Mines)
 34275 | Orc:2    | Bought a potion of heal wounds for 65 gold pieces
 34291 | Orc:2    | Bought a Trismegistus Codex for 336 gold pieces
 34295 | Orc:2    | Learned a level 3 spell: Mephitic Cloud
 34487 | D:12     | Identified 2 scrolls of acquirement
 34496 | D:12     | Noticed Josephine
 34522 | D:12     | Killed Josephine
 34611 | D:12     | Received a gift from Nemelex Xobeh
 34768 | D:12     | Reached skill level 1 in Air Magic
 34886 | D:12     | Reached skill level 1 in Poison Magic
 35236 | D:12     | Found Dogrei's Neck Hole.
 35268 | D:12     | Received a gift from Nemelex Xobeh
 35270 | D:12     | Found a runed translucent gate.
 35270 | D:12     | Found a runed translucent gate.
 35270 | D:12     | Found a runed translucent gate.
 35271 | D:12     | Identified a +2 robe of resistance
 35273 | D:12     | Noticed browni3141's ghost (journeyman HuEn)
 35295 | D:12     | Reached skill level 16 in Polearms
 35528 | D:12     | Identified the -1 long sword "Ycarph" {drain, *Slow +Blink
                  | Int+2 Dex+2}
 35543 | D:12     | Killed browni3141's ghost
 35544 | D:12     | Reached skill level 2 in Air Magic
 35562 | D:12     | Reached skill level 3 in Conjurations
 35564 | D:12     | Reached skill level 2 in Poison Magic
 35821 | D:13     | Received a gift from Nemelex Xobeh
 36665 | D:13     | Found Oshrech's Antique Weapon Emporium.
 36713 | D:13     | Received a gift from Nemelex Xobeh
 37094 | D:14     | Reached skill level 3 in Air Magic
 37406 | D:14     | Found a gate to the Vaults.
 37423 | D:14     | Reached skill level 3 in Poison Magic
 37432 | D:14     | Reached skill level 4 in Conjurations
 38479 | D:14     | Found a portal to a secret trove of treasure.
 38615 | D:15     | Entered Level 15 of the Dungeon
 39004 | D:15     | Noticed Nessos
 39018 | D:15     | Killed Nessos
 39019 | D:15     | Reached XP level 17. HP: 117/127 MP: 4/28
 39105 | D:15     | Reached skill level 4 in Air Magic
 39136 | D:15     | Noticed Agnes
 39155 | D:15     | Killed Agnes
 39281 | D:15     | Found a staircase to the Depths.
 39281 | D:15     | Received a gift from Nemelex Xobeh
 39312 | D:15     | Reached skill level 4 in Poison Magic
 39649 | D:15     | Reached skill level 5 in Conjurations
 39863 | D:15     | Reached skill level 15 in Invocations
 39903 | D:15     | Identified the +0 quarterstaff of Doom {vamp, Will+}
 39923 | D:15     | Reached skill level 10 in Fighting
 40247 | D:15     | Acquired 755 gold pieces
 40311 | Depths:1 | Entered Level 1 of the Depths
 40320 | Depths:1 | Found a blossoming altar of Fedhas.
 40410 | Depths:1 | Found a one-way gateway to a ziggurat.
 40448 | Depths:1 | Received a gift from Nemelex Xobeh
 40690 | Depths:1 | Noticed a tengu reaver
 40726 | Depths:1 | Killed a tengu reaver
 40871 | Depths:1 | Found a runed translucent gate.
 40871 | Depths:1 | Found a runed translucent gate.
 40871 | Depths:1 | Found a runed translucent gate.
 40875 | Depths:1 | Noticed a shadow dragon
 40885 | Depths:1 | Found a gateway to Hell.
 40912 | Depths:1 | Noticed Hiciz's ghost (adept DgCj)
 40946 | Depths:1 | Reached skill level 10 in Dodging
 41456 | Depths:1 | Found a one-way gate leading to the halls of Pandemonium.
 41555 | Depths:1 | Found Toewihu's Jewellery Boutique.
 41564 | Depths:1 | Found Rikow's Book Emporium.
 41565 | Depths:1 | Found Plog's Jewellery Boutique.
 41847 | Depths:1 | Bought the ring "Hayleinn" {*Corrode Drain MP+9 Str+9
                  | Dex+4} for 818 gold pieces
 41877 | Depths:1 | Bought a book of Misfortune for 468 gold pieces
 41883 | Depths:1 | Learned a level 5 spell: Yara's Violent Unravelling
 43060 | D:13     | Reached skill level 1 in Armour
 43060 | D:13     | Reached skill level 1 in Transmutations
 43430 | D:13     | HP: 12/129 [poisoned by a reaper]
 43435 | D:13     | HP: 11/129 [poisoned by a reaper]
 44151 | D:14     | Found a portal to a secret trove of treasure.
 44315 | D:14     | Found a gate to the Vaults.
 44800 | Spider:1 | Entered Level 1 of the Spider Nest
 44892 | Lair:4   | Reached skill level 2 in Armour
 44892 | Lair:4   | Reached skill level 2 in Transmutations
 44950 | Lair:4   | Reached skill level 17 in Polearms
 44990 | Spider:1 | Received a gift from Nemelex Xobeh
 45276 | Spider:1 | Reached skill level 3 in Armour
 45283 | Spider:1 | Reached skill level 3 in Transmutations
 46317 | Spider:1 | Reached XP level 18. HP: 58/136 MP: 29/29
 46631 | D:6      | Acquired 511 gold pieces
 46633 | D:6      | Bought an amulet of faith for 440 gold pieces
 46818 | Swamp:1  | Entered Level 1 of the Swamp
 46983 | Swamp:1  | Received a gift from Nemelex Xobeh
 47053 | Swamp:1  | Reached skill level 4 in Armour
 47053 | Swamp:1  | Reached skill level 4 in Transmutations
 47524 | Swamp:2  | You fall into a shaft and drop 1 floor!
 47524 | Swamp:3  | Received a gift from Nemelex Xobeh
 47566 | Swamp:2  | Reached skill level 5 in Transmutations
 47659 | Swamp:2  | Reached skill level 11 in Fighting
 47964 | Swamp:2  | Received a gift from Nemelex Xobeh
 48387 | Swamp:3  | Reached skill level 11 in Dodging
 48401 | Swamp:3  | Reached skill level 18 in Polearms
 48628 | Swamp:3  | Received a gift from Nemelex Xobeh
 48996 | Swamp:3  | Noticed a tentacled monstrosity
 49501 | Swamp:3  | Killed a tentacled monstrosity
 49557 | Swamp:4  | Entered Level 4 of the Swamp
 50421 | Swamp:3  | Reached skill level 19 in Polearms
 51233 | Swamp:4  | Reached XP level 19. HP: 143/143 MP: 30/30
 51391 | Swamp:4  | Received a gift from Nemelex Xobeh
 51862 | Swamp:4  | Got a decaying rune of Zot
 52007 | Swamp:4  | Reached skill level 6 in Transmutations
 52349 | Vaults:1 | Entered Level 1 of the Vaults
 52357 | Vaults:1 | Identified the +10 rapier of Doisch {holy, rC+ Will+}
 52411 | Vaults:1 | Reached skill level 20 in Polearms
 52609 | Vaults:1 | Found the +9 scales of the Dragon King {rPois rF+ rC+
                  | Will+}
 52661 | Vaults:1 | Received a gift from Nemelex Xobeh
 52794 | Vaults:1 | Reached skill level 11 in Hexes
 53019 | Vaults:1 | Received a gift from Nemelex Xobeh
 53036 | Vaults:1 | You fall into a shaft and drop 1 floor!
 53292 | Vaults:1 | Received a gift from Nemelex Xobeh
 53792 | Vaults:1 | Reached skill level 12 in Hexes
 53949 | Vaults:1 | Reached skill level 21 in Polearms
 53949 | Vaults:1 | Reached XP level 20. HP: 121/150 MP: 31/31
 54123 | Vaults:2 | Noticed Xtahua
 54140 | Vaults:2 | Killed Xtahua
 54236 | Vaults:2 | Learned a level 4 spell: Fulminant Prism
 54496 | Vaults:2 | Received a gift from Nemelex Xobeh
 54724 | Vaults:2 | Reached skill level 22 in Polearms
 54816 | Vaults:2 | Found Obeggoewn's Book Emporium.
 54976 | Vaults:2 | Received a gift from Nemelex Xobeh
 55458 | Vaults:2 | Got the Collected Works on Bewitchment and the Glacier
 55543 | Vaults:2 | Learned a level 1 spell: Slow
 55573 | Vaults:2 | Found a staircase to the Crypt.
 55670 | Vaults:2 | Reached skill level 23 in Polearms
 55806 | Vaults:2 | Received a gift from Nemelex Xobeh
 55821 | Vaults:2 | Noticed Boris
 55831 | Vaults:2 | Killed Boris
 56277 | Vaults:3 | Reached XP level 21. HP: 142/156 MP: 32/32
 56397 | Vaults:3 | Found a flickering gateway to a bazaar.
 56406 | Vaults:3 | Identified +0 pearl dragon scales
 56541 | Vaults:3 | Found Racief's Distillery.
 56664 | Bazaar   | Entered a bazaar
 56664 | Bazaar   | Found Nampewneti's Antique Weapon Shoppe.
 56664 | Bazaar   | Found Samoshug's Antique Weapon Shoppe.
 56665 | Bazaar   | Found Genomuippo's Antique Weapon Emporium.
 56665 | Bazaar   | Found Rol Wunk's Armour Emporium.
 56744 | Vaults:3 | Bought a potion of heal wounds for 75 gold pieces
 56744 | Vaults:3 | Bought a potion of heal wounds for 75 gold pieces
 56744 | Vaults:3 | Bought a potion of curing for 45 gold pieces
 56744 | Vaults:3 | Bought 2 potions of heal wounds for 150 gold pieces
 56744 | Vaults:3 | Bought a potion of heal wounds for 75 gold pieces
 56744 | Vaults:3 | Bought a potion of heal wounds for 75 gold pieces
 56744 | Vaults:3 | Bought a potion of might for 60 gold pieces
 57328 | Vaults:3 | Reached skill level 5 in Armour
 57499 | Vaults:3 | Received a gift from Nemelex Xobeh
 58036 | Vaults:3 | Found Cyimn's Armour Emporium.
 58123 | Vaults:3 | Reached skill level 6 in Armour
 58151 | Vaults:3 | Received a gift from Nemelex Xobeh
 58330 | Vaults:3 | Noticed a golden dragon
 58753 | Vaults:3 | Killed a golden dragon
 58852 | Vaults:4 | Reached skill level 7 in Armour
 59425 | Vaults:4 | Reached skill level 24 in Polearms
 59968 | Vaults:4 | Reached skill level 8 in Armour
 60091 | Vaults:4 | Noticed Boris
 60099 | Vaults:4 | Identified the +2 trident of Exquisite Death {freeze, rC+
                  | rN+}
 60668 | Vaults:4 | Noticed an iron giant
 60668 | Vaults:4 | an ironbound thunderhulk changed into an iron giant
 60676 | Vaults:4 | Killed an iron giant
 60677 | Vaults:4 | Killed Boris
 60678 | Vaults:4 | Reached skill level 9 in Armour
 60969 | Vaults:4 | Reached XP level 22. HP: 163/163 MP: 33/33
 61420 | Vaults:4 | Received a gift from Nemelex Xobeh
 61850 | Vaults:4 | Gained mutation: You are strong-willed. (Will+) [you]
 62030 | Vaults:4 | Received a gift from Nemelex Xobeh
 62743 | Slime:1  | Entered Level 1 of the Pits of Slime
 62961 | Lair:6   | Reached skill level 10 in Armour
 64752 | Spider:2 | Received a gift from Nemelex Xobeh
 65236 | Spider:3 | Identified the +0 kite shield "Vifuynor" {-Cast rElec Str+2
                  | Dex+7}
 65236 | Spider:3 | Noticed Donald
 65242 | Spider:3 | Killed Donald
 65245 | Spider:3 | Received a gift from Nemelex Xobeh
 65321 | Spider:3 | Found the +10 morningstar "Eos" {elec, Halo rElec}
 65494 | Spider:3 | Received a gift from Nemelex Xobeh
 65791 | Spider:3 | Reached skill level 25 in Polearms
 65794 | Spider:3 | Gained mutation: You do not regenerate when monsters are
                  | visible. [you]
 65959 | Spider:3 | Reached skill level 11 in Armour
 66142 | Spider:4 | Entered Level 4 of the Spider Nest
 67312 | Depths:1 | Bought a ring of see invisible for 270 gold pieces
 67650 | Spider:4 | Noticed Aizul
 67685 | Spider:4 | Noticed Aizul
 67685 | Spider:4 | Aizul changed into Aizul the minotaur
 67690 | Spider:4 | Killed Aizul the minotaur
 68086 | Spider:4 | Reached skill level 12 in Armour
 68136 | Spider:4 | Received a gift from Nemelex Xobeh
 68645 | Spider:4 | Got a gossamer rune of Zot
 69290 | D:3      | Killed bigairbonus's ghost
 69395 | D:6      | Killed XVortexX's ghost
 69584 | Elf:1    | Entered Level 1 of the Elven Halls
 69710 | Elf:1    | Reached XP level 23. HP: 161/169 MP: 34/34
 70264 | Elf:1    | Reached skill level 13 in Armour
 70448 | Elf:1    | Received a gift from Nemelex Xobeh
 70911 | Elf:1    | Identified the +11 battleaxe of Watchfulness {freeze,
                  | Int+2}
 70922 | Elf:1    | Found a runed translucent gate.
 70922 | Elf:1    | Found a runed translucent gate.
 70922 | Elf:1    | Found a runed translucent gate.
 70922 | Elf:1    | Found a runed translucent gate.
 70922 | Elf:1    | Found a runed translucent gate.
 70924 | Elf:1    | Found a runed translucent gate.
 71491 | Elf:2    | Identified the +3 long sword "Killer Klown's Death" {flame,
                  | rF+ SInv}
 71533 | Elf:2    | Found Vihe's Weapon Shoppe.
 71622 | Elf:2    | Found Hyurrat's Weapon Shoppe.
 71848 | Elf:2    | Reached skill level 26 in Polearms
 71848 | Elf:2    | Found a runed translucent gate.
 71855 | Elf:2    | Found a runed translucent gate.
 71855 | Elf:2    | Found a runed translucent gate.
 71885 | Elf:2    | Found Zaewk's Weapon Shop.
 71946 | Elf:2    | Received a gift from Nemelex Xobeh
 72112 | Elf:3    | Entered Level 3 of the Elven Halls
 72403 | Elf:3    | Found Lexekhla's Specific Store.
 72403 | Elf:3    | Found Emeqi's General Store.
 72503 | Elf:3    | Bought a scroll of identify for 24 gold pieces
 72508 | Elf:3    | Bought a scroll of vulnerability for 127 gold pieces
 72524 | Elf:3    | Found a shimmering blue altar of Sif Muna.
 72559 | Elf:3    | Learned a level 2 spell: Blink
 72571 | Elf:3    | Found Ifuemn's Book Shop.
 72584 | Elf:3    | Bought a book of the Moon for 480 gold pieces
 72586 | Elf:3    | Learned a level 1 spell: Apportation
 72604 | Elf:3    | Reached skill level 1 in Translocations
 72630 | Elf:3    | Reached skill level 14 in Armour
 72896 | Elf:3    | Identified the ring "Gammal" {+Blink rElec rN+}
 72946 | Elf:3    | Reached skill level 2 in Translocations
 73109 | Elf:3    | Identified the +2 war axe of Qazlal's Whim {drain, *Rage
                  | rPois rCorr}
 73186 | Elf:3    | Identified 2 potions of resistance
 73252 | Elf:3    | Identified the +2 hand axe of Jirchi {drain, Str+5}
 73262 | Elf:3    | Reached skill level 3 in Translocations
 73519 | Elf:3    | Identified the ring "Qevikez" {Ice Will+ Str+4 Int-3
                  | Slay+3}
 74133 | Elf:3    | Reached skill level 4 in Translocations
 74468 | Elf:3    | Identified the +5 gold dragon scales of Doomed New
                  | Discoveries {rPois rF+ rC+ Str+4}
 74941 | Elf:3    | Got Bezegoas's Handbook of the Arsonist
 75725 | Depths:2 | Reached XP level 24. HP: 175/175 MP: 34/34
 77498 | Depths:2 | Received a gift from Nemelex Xobeh
 78503 | Depths:2 | Reached skill level 15 in Armour
 78648 | Depths:3 | Received a gift from Nemelex Xobeh
 79335 | Depths:3 | Found Cowuod's General Store.
 79338 | Depths:3 | Bought a book of the Dragon for 644 gold pieces
 79343 | Depths:3 | Learned a level 4 spell: Cause Fear
 79399 | Depths:3 | You fall into a shaft and drop 1 floor!
 79399 | Depths:4 | Entered Level 4 of the Depths
 79422 | Depths:4 | Found Ogurag's Jewellery Shoppe.
 80013 | Depths:3 | Found an opulent altar of Gozag.
 80293 | Depths:3 | Received a gift from Nemelex Xobeh
 80308 | Depths:3 | Found an iron altar of Okawaru.
 80523 | Depths:3 | Got the Grimoire of Evil Rites
 80637 | Depths:3 | Reached skill level 16 in Invocations
 80869 | Depths:3 | Found a one-way gate to the infinite horrors of the Abyss.
 81149 | Depths:4 | Found Berphesuci's Distillery.
 81633 | Depths:3 | Found a runed translucent door.
 81634 | Depths:3 | Found a runed translucent door.
 81637 | Depths:3 | Reached skill level 5 in Evocations
 81652 | Depths:3 | Found a runed translucent door.
 81655 | Depths:3 | Found a runed translucent door.
 81918 | Depths:3 | Identified the ring of Hataje Uqial {rC++ MP+9 Str+5}
 81950 | Depths:3 | Identified the ring of Fyclomn {rElec rC+ rCorr Int+8
                  | Dex+6}
 81953 | Depths:3 | Got the Papyrus of Venomous Creation
 82117 | Depths:4 | Reached skill level 5 in Spellcasting
 82126 | Depths:4 | Bought 2 potions of resistance for 360 gold pieces
 82126 | Depths:4 | Bought 2 potions of curing for 108 gold pieces
 82126 | Depths:4 | Bought a potion of curing for 54 gold pieces
 82126 | Depths:4 | Bought 2 potions of curing for 108 gold pieces
 82126 | Depths:4 | Bought a potion of heal wounds for 90 gold pieces
 82126 | Depths:4 | Bought a potion of lignification for 54 gold pieces
 82127 | Depths:4 | Received a gift from Nemelex Xobeh
 82154 | Depths:4 | Found Axzon's Assorted Antiques.
 82163 | Depths:4 | Bought a scroll of fog for 74 gold pieces
 82163 | Depths:4 | Bought a potion of lignification for 111 gold pieces
 82163 | Depths:4 | Bought a scroll of immolation for 129 gold pieces
 82248 | Depths:4 | Found Ecihu's Jewellery Shoppe.
 82352 | Depths:4 | Identified the +3 ring mail of the Blessed Realm {rElec
                  | Slay+4}
 82593 | Depths:4 | Reached XP level 25. HP: 59/182 MP: 35/35
 82829 | Depths:4 | Reached skill level 13 in Hexes
 83822 | Depths:4 | Found a gate to the Realm of Zot.
 83833 | Depths:4 | Received a gift from Nemelex Xobeh
 83863 | Depths:4 | Reached skill level 6 in Spellcasting
 84209 | Depths:4 | Found Horghuha's General Store.
 84217 | Depths:4 | Bought a potion of heal wounds for 120 gold pieces
 85436 | Slime:3  | Reached skill level 27 in Polearms
 86518 | Slime:4  | Received a gift from Nemelex Xobeh
 86526 | Slime:4  | Reached skill level 6 in Evocations
 87028 | Slime:4  | Reached skill level 16 in Armour
 87409 | Slime:5  | Entered Level 5 of the Pits of Slime
 87409 | Slime:5  | Received a gift from Nemelex Xobeh
 87454 | Slime:5  | Reached skill level 17 in Invocations
 87578 | Slime:5  | Received a gift from Nemelex Xobeh
 87589 | Slime:5  | Reached skill level 12 in Dodging
 87605 | Slime:5  | Reached skill level 12 in Fighting
 87605 | Slime:5  | Reached skill level 7 in Spellcasting
 88021 | Slime:5  | Reached skill level 14 in Hexes
 88128 | Slime:5  | Noticed the Royal Jelly
 88149 | Slime:5  | Killed the Royal Jelly
 88397 | Slime:5  | Reached XP level 26. HP: 180/191 MP: 35/35
 88465 | Slime:5  | Got a slimy rune of Zot
 88483 | Slime:5  | Identified the +1 leather armour of the Dice {Will+}
 88485 | Slime:5  | Got the Papyrus of Weightlessness and Ice
 88528 | Slime:5  | Identified the ring "Happ" {MP+9 Int+3 Slay+2}
 88529 | Slime:5  | Identified the ring of Min Eghy {rPois rF+ rCorr Str-5}
 88548 | Slime:5  | Identified the +10 plate armour "Currih" {Fly Will+++ Dex-2
                  | Stlth+}
 89128 | Crypt:1  | Entered Level 1 of the Crypt
 89309 | Crypt:1  | Received a gift from Nemelex Xobeh
 89613 | Crypt:1  | Reached skill level 8 in Spellcasting
 89792 | Crypt:1  | Lost mutation: You do not regenerate when monsters are
                  | visible. [potion of mutation]
 89792 | Crypt:1  | Lost mutation: You are strong-willed. (Will+) [potion of
                  | mutation]
 89792 | Crypt:1  | Gained mutation: You have a pair of small horns on your
                  | head. [potion of mutation]
 89792 | Crypt:1  | Gained mutation: You are weak. (Str -2) [potion of
                  | mutation]
 89792 | Crypt:1  | Gained mutation: You expend magic power (3 MP) to
                  | strengthen your wands. [potion of mutation]
 89793 | Crypt:1  | Lost mutation: You expend magic power (3 MP) to strengthen
                  | your wands. [potion of mutation]
 89793 | Crypt:1  | Lost mutation: You are weak. (Str -2) [potion of mutation]
 89793 | Crypt:1  | Gained mutation: You are frail. (-10% HP) [potion of
                  | mutation]
 89793 | Crypt:1  | Gained mutation: You have large cloven feet. [potion of
                  | mutation]
 89794 | Crypt:1  | Lost mutation: You have a pair of small horns on your head.
                  | [potion of mutation]
 89794 | Crypt:1  | Lost mutation: You have large cloven feet. [potion of
                  | mutation]
 89794 | Crypt:1  | Lost mutation: You are frail. (-10% HP) [potion of
                  | mutation]
 89794 | Crypt:1  | Gained mutation: Your flesh is cold resistant. (rC+)
                  | [potion of mutation]
 90503 | Crypt:1  | Received a gift from Nemelex Xobeh
 90911 | Crypt:1  | HP: 19/191 [skeletal warrior/+0 halberd[a skeletal warrior]
                  | (14)]
 91435 | Crypt:2  | Noticed a curse skull
 91437 | Crypt:2  | Noticed a dread lich
 91444 | Crypt:2  | Killed a curse skull
 91577 | Crypt:2  | Noticed Jory
 91604 | Crypt:2  | Reached skill level 18 in Invocations
 91608 | Crypt:2  | Killed Jory
 91926 | Crypt:2  | Paralysed by a dread lich for 6 turns
 92035 | Crypt:1  | Paralysed by a dread lich for 5 turns
 92055 | Crypt:1  | Killed a dread lich
 92058 | Crypt:1  | Reached skill level 9 in Spellcasting
 92367 | Crypt:2  | Received a gift from Nemelex Xobeh
 92374 | Crypt:2  | Learned a level 5 spell: Silence
 92385 | Crypt:2  | Learned a level 7 spell: Enfeeble
 92576 | Crypt:2  | Reached skill level 15 in Hexes
 93254 | Crypt:3  | Entered Level 3 of the Crypt
 93254 | Crypt:3  | Noticed a curse skull
 93271 | Crypt:2  | Killed a curse skull
 93702 | Crypt:3  | Received a gift from Nemelex Xobeh
 95139 | Crypt:3  | Reached skill level 10 in Spellcasting
 95619 | Crypt:3  | Noticed an ancient lich
 95641 | Crypt:3  | Killed an ancient lich
 95835 | Crypt:3  | Identified the ring "Ewetzuf" {*Corrode +Blink rElec rF+}
 96027 | Crypt:3  | Received a gift from Nemelex Xobeh
 96083 | Crypt:3  | Noticed a curse skull
 96096 | Crypt:3  | Killed a curse skull
 96106 | Crypt:3  | Reached skill level 19 in Invocations
 96214 | Crypt:3  | Found an ancient bone altar of Kikubaaqudgha.
 96311 | Crypt:3  | Found a staircase to the Tomb.
 96401 | Crypt:3  | Reached XP level 27. HP: 185/197 MP: 37/37
 96523 | Crypt:3  | Noticed a curse toe
 96533 | Crypt:3  | Killed a curse toe
 96706 | Crypt:3  | Got the Handbook of Black Rites
 96738 | Crypt:3  | Reached skill level 16 in Hexes
 96939 | Tomb:1   | Entered Level 1 of the Tomb of the Ancients
 97281 | Tomb:1   | Received a gift from Nemelex Xobeh
 97915 | Tomb:1   | Noticed a royal mummy
 97944 | Tomb:1   | Killed a royal mummy
 97945 | Tomb:1   | Reached skill level 11 in Spellcasting
 99962 | Zot:1    | Entered Level 1 of the Realm of Zot
100091 | Zot:1    | Noticed an electric golem
100106 | Zot:1    | Killed an electric golem
100185 | Zot:1    | Received a gift from Nemelex Xobeh
101446 | Zot:2    | Noticed a Killer Klown
101456 | Zot:2    | Killed a Killer Klown
102148 | Zot:2    | Reached skill level 20 in Invocations
102485 | Zot:2    | Reached skill level 17 in Hexes
102980 | Zot:2    | Reached skill level 12 in Spellcasting
103193 | Zot:3    | Received a gift from Nemelex Xobeh
105023 | Zot:3    | Noticed an orb of fire
105335 | Zot:3    | Noticed an electric golem
105347 | Zot:3    | Killed an electric golem
105739 | Zot:3    | Reached skill level 13 in Spellcasting
106097 | Zot:3    | Noticed a caustic shrike
106117 | Zot:3    | Found a transporter.
106122 | Zot:3    | Noticed a shard shrike
106123 | Zot:3    | Noticed stpyramids's ghost (legendary DDFi)
106123 | Zot:3    | Noticed a shard shrike
106124 | Zot:3    | Noticed a caustic shrike
106127 | Zot:3    | Noticed a shard shrike
106138 | Zot:3    | Found a transporter.
106208 | Zot:3    | Received a gift from Nemelex Xobeh
106613 | Zot:3    | Found a transporter.
106657 | Zot:3    | Found a transporter.
106700 | Zot:3    | Gained mutation: You sometimes lose the ability to read
                  | scrolls when taking damage. [an orb of fire]
106710 | Zot:3    | Killed an orb of fire
106711 | Zot:3    | Reached skill level 21 in Invocations
107437 | Zot:3    | Found a transporter.
107478 | Zot:3    | Found a transporter.
107925 | Zot:3    | Found a transporter.
107966 | Zot:3    | Found a transporter.
108543 | Zot:3    | Found a transporter.
108584 | Zot:3    | Found a transporter.
109140 | Zot:4    | Reached skill level 18 in Hexes
109527 | Zot:4    | Noticed a Killer Klown
109528 | Zot:4    | Noticed an ancient lich
109552 | Zot:4    | Killed an ancient lich
109577 | Zot:4    | Killed a Killer Klown
110056 | Zot:4    | Noticed a curse toe
110063 | Zot:4    | Killed a curse toe
110115 | Zot:4    | Noticed a curse toe
110129 | Zot:4    | Killed a curse toe
110332 | Zot:4    | Identified the +2 helmet of the Lion {Contam rPois rN+
                  | Int+2 Dex+3}
110454 | Zot:4    | Noticed a Killer Klown
110471 | Zot:4    | Killed a Killer Klown
110704 | Zot:4    | Received a gift from Nemelex Xobeh
110860 | Zot:4    | Noticed a Killer Klown
110869 | Zot:4    | Killed a Killer Klown
110905 | Zot:4    | Noticed a curse toe
110933 | Zot:4    | Killed a curse toe
111197 | Zot:4    | Noticed an orb of fire
111206 | Zot:4    | Killed an orb of fire
111251 | Zot:4    | Noticed a curse toe
111262 | Zot:4    | Killed a curse toe
111397 | Zot:4    | Reached skill level 14 in Spellcasting
111810 | Zot:4    | Received a gift from Nemelex Xobeh
111875 | Zot:5    | Entered Level 5 of the Realm of Zot
112449 | Zot:5    | Received a gift from Nemelex Xobeh
112549 | Zot:5    | Noticed an orb of fire
112565 | Zot:5    | Gained mutation: You tend to lose your temper in combat.
                  | [an orb of fire]
112574 | Zot:5    | Killed an orb of fire
113000 | Zot:5    | Reached skill level 19 in Hexes
113462 | Zot:5    | Lost mutation: You sometimes lose the ability to read
                  | scrolls when taking damage. [potion of mutation]
113462 | Zot:5    | Lost mutation: Your flesh is cold resistant. (rC+) [potion
                  | of mutation]
113462 | Zot:5    | Gained mutation: You passively dampen the noise of your
                  | surroundings. [potion of mutation]
113462 | Zot:5    | Gained mutation: You are partially covered in iridescent
                  | scales. (AC +2) [potion of mutation]
113463 | Zot:5    | Lost mutation: You are partially covered in iridescent
                  | scales. (AC +2) [potion of mutation]
113463 | Zot:5    | Lost mutation: You tend to lose your temper in combat.
                  | [potion of mutation]
113463 | Zot:5    | Lost mutation: You passively dampen the noise of your
                  | surroundings. [potion of mutation]
113463 | Zot:5    | Gained mutation: You do not regenerate when monsters are
                  | visible. [potion of mutation]
113463 | Zot:5    | Lost mutation: You do not regenerate when monsters are
                  | visible. [potion of mutation]
113519 | Zot:5    | Reached skill level 22 in Invocations
113715 | Zot:5    | Noticed a Killer Klown
113742 | Zot:5    | Killed a Killer Klown
113896 | Zot:5    | Noticed a Killer Klown
113905 | Zot:5    | Noticed an electric golem
114100 | Zot:5    | Noticed a Killer Klown
114100 | Zot:5    | Noticed an orb of fire
114105 | Zot:5    | Noticed an ancient lich
114145 | Zot:5    | Killed a Killer Klown
114149 | Zot:5    | Noticed an orb of fire
114158 | Zot:5    | Gained mutation: You occasionally shout uncontrollably at
                  | your foes. [an orb of fire]
114169 | Zot:5    | Killed an ancient lich
114174 | Zot:5    | Gained mutation: Armour fits poorly on your strangely
                  | shaped body. [an orb of fire]
114180 | Zot:5    | Killed an orb of fire
114189 | Zot:5    | Killed a Killer Klown
114197 | Zot:5    | Killed an orb of fire
114558 | Zot:4    | Lost mutation: You occasionally shout uncontrollably at
                  | your foes. [potion of mutation]
114558 | Zot:4    | Lost mutation: Armour fits poorly on your strangely shaped
                  | body. [potion of mutation]
114558 | Zot:4    | Gained mutation: Your body sometimes deteriorates upon
                  | taking damage. [potion of mutation]
114558 | Zot:4    | Gained mutation: Your spells are a little easier to cast,
                  | but a little less powerful. [potion of mutation]
114558 | Zot:4    | Gained mutation: You are frail. (-10% HP) [potion of
                  | mutation]
114559 | Zot:4    | Lost mutation: Your body sometimes deteriorates upon taking
                  | damage. [potion of mutation]
114559 | Zot:4    | Lost mutation: You are frail. (-10% HP) [potion of
                  | mutation]
114559 | Zot:4    | Lost mutation: Your spells are a little easier to cast, but
                  | a little less powerful. [potion of mutation]
114559 | Zot:4    | Gained mutation: You tend to lose your temper in combat.
                  | [potion of mutation]
114559 | Zot:4    | Gained mutation: You expend magic power (3 MP) to
                  | strengthen your wands. [potion of mutation]
114559 | Zot:4    | Gained mutation: You have hidden genetic potential. [potion
                  | of mutation]
114700 | Zot:5    | Noticed a dread lich
114723 | Zot:5    | Killed a dread lich
114736 | Zot:5    | Killed an electric golem
114918 | Zot:5    | Reached skill level 15 in Spellcasting
114933 | Zot:5    | Noticed an orb of fire
114968 | Zot:5    | Killed an orb of fire
115077 | Zot:5    | Noticed an electric golem
115101 | Zot:5    | Killed an electric golem
115258 | Zot:5    | Noticed an orb of fire
115287 | Zot:5    | Killed an orb of fire
115301 | Zot:5    | Noticed a Killer Klown
115306 | Zot:5    | Noticed an electric golem
115332 | Zot:5    | Killed a Killer Klown
115337 | Zot:5    | Killed an electric golem
115570 | Zot:5    | Received a gift from Nemelex Xobeh
115570 | Zot:5    | Noticed an ancient lich
115590 | Zot:5    | Killed an ancient lich
116452 | Zot:5    | Got the Orb of Zot
116508 | Zot:4    | Gained mutation: Your magical capacity is low. (-10% MP) [a
                  | cacodemon]
116511 | Zot:4    | Gained mutation: You are weak. (Str -2) [a cacodemon]
116655 | Depths:4 | Noticed Esyraup the pandemonium lord
116916 | D:12     | Noticed Pielooda the pandemonium lord
116955 | D:10     | Noticed Fufak Curidd the pandemonium lord
116969 | D:9      | Noticed Noteituc the pandemonium lord
117019 | D:8      | Gained mutation: You are frail. (-10% HP) [a cacodemon]
117021 | D:8      | Gained mutation: You occasionally shout uncontrollably at
                  | your foes. [a cacodemon]
117031 | D:8      | Reached skill level 20 in Hexes
117202 | D:$      | Escaped with the Orb!

Vanquished Creatures
  the Royal Jelly (Slime:5)
  4 orbs of fire (Zot:5)
  2 dread liches
  4 ancient liches
  A royal mummy (Tomb:1)
  Boris (Vaults:4)
  7 Killer Klowns
  Xtahua (Vaults:2)
  13 golden dragons
  5 curse toes
  A bone dragon (Crypt:3)
  5 electric golems
  A shard shrike zombie (Crypt:1)
  An iron giant (Vaults:4)
  10 tentacled monstrosities
  A Hell Sentinel (Depths:1)
  4 deep elf blademasters (Elf:3)
  5 liches
  24 Orb Guardians
  A walking divine tome (Depths:3)
  3 deep elf master archers (Elf:3)
  13 acid blobs
  5 quicksilver dragons
  2 titans
  7 ancient champions
  An Executioner (D:8)
  11 sphinxes
  7 shadow dragons
  9 death cobs
  10 storm dragons
  Donald (Spider:3)
  A fenstrider witch (Vaults:3)
  7 draconian monks
  11 rockslimes
  A daeva (Zot:2)
  16 azure jellies
  5 revenants
  4 tengu reavers
  A demonspawn warmonger (Depths:3)
  8 draconian knights
  3 fire giants
  An orc warlord (Orc:2)
  A balrug (D:8)
  4 draconian scorchers
  12 vault wardens
  4 deep elf sorcerers (Elf:3)
  6 iron dragons
  2 frost giants (Depths:2)
  A caustic shrike zombie (Depths:3)
  6 emperor scorpions
  6 deep elf elementalists (Elf:3)
  2 cacodemons
  3 curse skulls
  2 spriggan defenders
  5 draconian shifters
  7 ghost moths
  2 draconian stormcallers (Zot:3)
  9 ghouls
  14 ironbound preservers
  2 stone giants
  8 draconian annihilators
  14 quicksilver oozes
  A war gargoyle (Vaults:2)
  6 broodmothers (Spider:4)
  2 juggernaut skeletons
  11 very ugly things
  8 ironbound thunderhulks
  4 reapers
  3 caustic shrike skeletons (Crypt:3)
  6 eleionomae
  7 vampire knights
  6 deep elf demonologists
  23 red draconians
  10 green draconians
  4 dire elephants (Vaults:2)
  A lorocyproca (Depths:1)
  10 purple draconians
  A bunyip (Swamp:3)
  An entropy weaver (Spider:3)
  6 spark wasps
  16 black draconians
  2 minotaurs
  4 yellow draconians
  14 white draconians
  7 deep elf annihilators (Elf:3)
  2 crystal guardians
  An eidolon (Crypt:2)
  9 great orbs of eyes
  A green death (D:15)
  9 fire dragons
  4 jiangshi
  7 mummy priests (Tomb:1)
  6 ettins
  6 deep elf death magi
  A shambling mangrove (Swamp:3)
  7 yaktaur captains
  6 deep elf high priests
  Josephine (D:12)
  3 vault guards
  20 hydras
  2 peacekeepers
  5 jorogumos
  3 boulder beetles
  A spriggan air mage (Depths:2)
  2 spriggan skeletons (Crypt:3)
  33 centaur warriors
  7 ice dragons
  4 ironbound frosthearts
  An ogre mage (Vaults:4)
  A quicksilver dragon skeleton (Crypt:3)
  A radroach (Spider:3)
  A ghost crab (Swamp:4)
  A catoblepas (D:13)
  A fenstrider witch skeleton (Crypt:3)
  2 death knights
  7 alligators
  A two-headed ogre (D:11)
  6 death scarabs (Tomb:1)
  An anaconda (Swamp:2)
  3 orc high priests
  5 deep troll earth magi
  5 deep troll shamans
  4 tengu warriors
  3 death yaks (Lair:4)
  A spriggan berserker (Depths:3)
  10 vampire magi
  16 deep elf knights
  7 sun demons
  7 spriggans
  2 titan zombies (Depths:3)
  7 iron trolls
  A storm dragon skeleton (Crypt:3)
  5 titan skeletons (Crypt:3)
  69 deep trolls
  A salamander mystic (Depths:4)
  40 skeletal warriors
  A sun moth (Spider:2)
  4 goliath frogs (Swamp:4)
  5 pharaoh ants
  6 spriggan druids
  5 sixfirhies
  2 swamp dragons (shapeshifter)
  8 orb spiders
  A sea snake (Vaults:4)
  6 glowing orange brains
  6 steelbarb worms
  6 flayed ghosts
  2 death drakes (Depths:4)
  A shadow demon (Depths:3)
  10 swamp dragons
  A tengu zombie (D:15)
  14 bog bodies
  10 phantasmal warriors
  15 deep elf archers
  8 lindwurms
  9 wizards
  A shadow dragon zombie (Depths:3)
  3 anaconda skeletons
  A fenstrider witch simulacrum (Tomb:1)
  An oklob plant (Lair:5)
  2 iron dragon zombies (Crypt:3)
  22 deep elf pyromancers
  39 ugly things
  A harpy (Depths:4)
  14 ironbound convokers
  16 deep elf zephyrmancers
  2 orc sorcerers (Orc:2)
  3 necromancers
  A shining eye (Slime:5)
  6 orc knights
  2 fire giant zombies
  14 wolf spiders
  A wolf spider (shapeshifter) (Vaults:2)
  2 cyclopes
  A tengu skeleton (Depths:3)
  3 stone giant skeletons
  2 salamanders (Depths:4)
  2 manticores
  7 will-o-the-wisps
  An eleionoma skeleton (Crypt:3)
  A jorogumo skeleton (Crypt:1)
  A rust devil (Depths:1)
  An apocalypse crab (Spider:1)
  6 elephants
  31 moths of wrath
  4 black mambas
  A smoke demon (Depths:2)
  A dire elephant zombie (Crypt:1)
  A guardian serpent (shapeshifter) (Spider:3)
  2 water nymphs
  10 vault sentinels
  3 eyes of devastation
  Joseph (D:6)
  The ghost of XVortexX the Skirmisher, a novice DsFi (D:6)
  26 cane toads
  2 orange demons
  7 demonic crawlers
  7 centaur skeletons
  3 torpor snails
  A naga skeleton (Crypt:3)
  A gargoyle (D:12)
  A yellow draconian zombie (Crypt:3)
  3 kobold demonologists
  18 yaktaurs
  An efreet (Zot:2)
  6 unseen horrors
  17 guardian mummies
  3 rime drakes
  A tengu conjurer (D:14)
  10 komodo dragons
  A purple draconian zombie (Crypt:3)
  A tormentor (Depths:1)
  2 freezing wraiths (Crypt:1)
  A red devil (Depths:1)
  A polar bear (Lair:6)
  A purple draconian skeleton (Crypt:2)
  2 queen bees
  6 trolls
  15 meliai
  A queen bee (shapeshifter) (Elf:2)
  9 hornets
  Grinder (D:3)
  24 tarantellas
  An alligator zombie (Crypt:3)
  3 harpy skeletons
  A slime creature (shapeshifter) (Depths:3)
  10 tyrant leeches
  A death drake skeleton (Crypt:2)
  16 blink frogs
  A jumping spider zombie (Crypt:2)
  128 slime creatures
  2 air elementals (Elf:2)
  31 jumping spiders
  A stone giant simulacrum (Tomb:1)
  17 culicivoras
  8 flying skulls
  A culicivora (shapeshifter) (D:13)
  2 ettin skeletons
  A vampire (D:10)
  A human (Spider:2)
  16 wraiths
  A ynoxinul (Depths:2)
  3 wyverns
  4 water elementals
  20 dancing weapons
  70 yaks
  An ushabti (Tomb:1)
  A fire bat (Lair:4)
  A steam dragon (D:7)
  28 fire elementals
  2 hogs (Lair:5)
  A golden eye (shapeshifter) (D:15)
  5 basilisks
  5 golden eyes
  A neqoxec (Depths:1)
  45 redbacks
  19 vampire mosquitoes
  3 wargs
  15 swamp worms
  Duvessa (D:7)
  An acid dragon (D:14)
  16 water moccasins
  A faun skeleton (Crypt:1)
  4 floating eyes
  28 orc warriors
  4 swamp drakes
  A black bear (Depths:4)
  A lindwurm zombie (Crypt:1)
  9 necrophages
  A black bear (shapeshifter) (D:14)
  2 ice beasts
  6 boggarts
  The ghost of bigairbonus the Slasher, an amateur DsBe of Trog (D:3)
  14 wolves
  2 ogres
  10 centaurs
  A centaur (shapeshifter) (Depths:4)
  A manticore skeleton (Crypt:2)
  A phantom (D:6)
  5 elf zombies
  A fire crab zombie (Crypt:2)
  9 kobold brigands
  A palentonga skeleton (Crypt:3)
  19 bullfrogs
  5 scorpions
  A wyvern zombie (D:8)
  A cyclops zombie (Crypt:2)
  3 earth elementals
  Dowan (D:7)
  2 water moccasin skeletons (D:5)
  25 killer bees (Lair:1)
  21 wights
  A howler monkey (D:12)
  4 electric eels
  A raiju skeleton (Crypt:2)
  A jelly (Lair:6)
  A lava snake (D:10)
  14 centaur zombies
  17 orc priests
  A bullfrog skeleton (D:5)
  4 gnoll shamans
  3 hounds
  5 human zombies (Ossuary)
  A scorpion zombie (D:5)
  An iguana (D:4)
  28 orc wizards
  12 hell rats
  A killer bee zombie (D:6)
  22 mummies
  A howler monkey zombie (D:10)
  A howler monkey skeleton (D:5)
  3 adders
  19 gnolls
  5 river rats (Lair:2)
  2 shadow imps
  An ufetubus (D:6)
  An iguana skeleton (Crypt:1)
  3 worms
  3 dart slugs
  83 orcs
  4 ball pythons
  5 endoplasms
  2 giant cockroaches
  10 goblins
  8 hobgoblins
  4 jackals
  19 kobolds
  2 quokkas (D:2)
  2 bats
  4 frilled lizards
  3 rats
2301 creatures vanquished.

Vanquished Creatures (collateral kills)
  3 orbs of fire
  A Killer Klown (Zot:5)
  Jory (Crypt:2)
  2 Orb Guardians (Zot:5)
  Gastronok (Orc:1)
  A death cob (Zot:4)
  Kirke (Lair:5)
  Agnes (D:15)
  A fenstrider witch (Swamp:4)
  A rockslime (Slime:5)
  An azure jelly (Slime:5)
  A deep elf sorcerer (Elf:3)
  A vault warden (Vaults:2)
  An orc warlord (Bailey)
  A draconian shifter (Zot:4)
  2 reapers
  A broodmother (Swamp:1)
  A draconian annihilator (Zot:2)
  A vampire knight (Crypt:2)
  The ghost of browni3141 the Spear-Bearer, a journeyman HuEn of Nemelex Xobeh (Lair:5)
  A black draconian (Zot:4)
  Nessos (D:15)
  A bunyip (Swamp:1)
  A red draconian (Depths:4)
  A fire dragon (Depths:1)
  A jiangshi (Crypt:2)
  The ghost of browni3141 the Spear-Bearer, a journeyman HuEn of Nemelex Xobeh (D:12)
  3 hydras
  An anaconda (Spider:1)
  A centaur warrior (Vaults:4)
  2 death yaks (Lair:4)
  Urug (Orc:1)
  A spriggan druid (Swamp:2)
  A goliath frog (Slime:5)
  4 skeletal warriors
  A deep troll (Vaults:4)
  A bog body (Swamp:1)
  2 ironbound convokers
  2 phantasmal warriors
  4 orc knights
  An orc sorcerer (Orc:2)
  A frost giant zombie (D:15)
  A black mamba (Lair:6)
  A vault sentinel (Vaults:4)
  An eye of devastation (Swamp:1)
  2 kobold demonologists (D:12)
  A freezing wraith (D:15)
  2 komodo dragons
  A bloated husk (Swamp:2)
  3 hornets
  A troll (Orc:1)
  A slime creature (Vaults:2)
  A frost giant simulacrum (Vaults:3)
  A spriggan skeleton (D:15)
  3 spriggans
  A water elemental (Depths:1)
  A culicivora (Spider:1)
  3 yaks (Lair:6)
  A warg (Orc:2)
  A water moccasin (Lair:6)
  26 orc warriors
  A black bear (Lair:5)
  An ogre (Orc:2)
  A boggart (Lair:5)
  3 wolves
  A tengu (Swamp:1)
  A centaur (D:9)
  4 kobold brigands (D:12)
  A gnoll sergeant (D:7)
  A scorpion (Slime:5)
  10 wights
  A centaur zombie (D:9)
  11 jellies (Lair:6)
  7 orc priests
  9 orc wizards
  A hell rat (Lair:2)
  8 gnolls
  2 river rats (Lair:2)
  23 orcs
  2 endoplasms (Lair:6)
  A goblin (D:4)
  A hobgoblin (Bailey)
  2 kobolds (Bailey)
  A rat (Lair:2)
202 creatures vanquished.

Vanquished Creatures (others)
  Boris (Vaults:2)
  A deep elf zephyrmancer (Elf:1)
  A spriggan (Swamp:4)
  A vampire (D:11)
  A water elemental (Elf:1)
  A human (Lair:5)
  45 dancing weapons
  A killer bee (Lair:1)
  A howler monkey (D:13)
  An orc priest (Orc:2)
  3 orcs
  26 foxfires
  2 fulminant prisms
  53 fungi
  160 plants
  9 withered plants
307 creatures vanquished.

Grand Total: 2810 creatures vanquished

Table legend: (Time is in decaauts)
 A = Elapsed time spent in this place.
 B = Non-inter-level travel time spent in this place.
 C = Inter-level travel time spent in this place.
 D = Time resting spent in this place.
 E = Time spent auto-exploring this place.
 F = Levels seen in this place.
 G = Mean time per level.
                   A        B        C        D        E       F      G
               +--------+--------+--------+--------+--------+-----+--------+
         Total | 115573 | 106943 |   8630 |  26387 |  58021 |  61 | 1894.6 |
       Dungeon |  32065 |  28574 |   3491 |   5765 |  15933 |  15 | 2137.7 |
        Temple |    250 |    245 |      5 |    144 |     58 |   1 |  250.0 |
          Lair |   9769 |   8294 |   1475 |    722 |   5278 |   6 | 1628.2 |
         Swamp |   5657 |   5442 |    215 |   1687 |   2440 |   4 | 1414.2 |
   Spider Nest |   5646 |   5044 |    602 |   1445 |   2465 |   4 | 1411.5 |
    Slime Pits |   4847 |   4733 |    114 |   2068 |   1813 |   5 |  969.4 |
  Orcish Mines |   2257 |   1936 |    321 |    228 |   1157 |   2 | 1128.5 |
   Elven Halls |   5773 |   5357 |    416 |   1300 |   3080 |   3 | 1924.3 |
        Vaults |  10151 |   9543 |    608 |   2886 |   4822 |   4 | 2537.8 |
         Crypt |   7628 |   7501 |    127 |   1623 |   4547 |   3 | 2542.7 |
          Tomb |   2689 |   2600 |     89 |   1013 |   1138 |   1 | 2689.0 |
        Depths |  10412 |   9823 |    589 |   2655 |   4972 |   4 | 2603.0 |
           Zot |  16391 |  15818 |    573 |   3947 |   9883 |   5 | 3278.2 |
        Bazaar |     41 |     41 |      0 |      0 |     15 |   1 |   41.0 |
         Sewer |    433 |    433 |      0 |    288 |     84 |   1 |  433.0 |
       Ossuary |   1050 |   1050 |      0 |    592 |     43 |   1 | 1050.0 |
        Bailey |    508 |    508 |      0 |     20 |    288 |   1 |  508.0 |
               +--------+--------+--------+--------+--------+-----+--------+

Top non-repeatable levels by time:
   Zot:3: 4487 daAuts
Vaults:3: 4094 daAuts
   Zot:5: 4034 daAuts
    D:14: 3701 daAuts
   Elf:3: 3233 daAuts
Depths:4: 3222 daAuts
   Zot:4: 3191 daAuts
   Zot:2: 3168 daAuts
     D:7: 2921 daAuts
     D:8: 2905 daAuts
 Crypt:1: 2893 daAuts
 Crypt:3: 2881 daAuts
Depths:1: 2760 daAuts
  Tomb:1: 2689 daAuts
    D:10: 2640 daAuts

Table legend:
 A = Non-vault XP
 B = Vault XP
 C = Vault XP percentage of total XP
 D = Non-vault monster count
 E = Vault monster count
 F = Vault count percentage of total count
                 A         B        C        D         E       F
            +---------+---------+-------+---------+---------+-------
      Total |  796170 |  623083 |  43.9 |    1568 |     904 |  36.6
            +---------+---------+-------+---------+---------+-------
        D:1 |      20 |       0 |   0.0 |      11 |       0 |   0.0
        D:2 |      65 |       0 |   0.0 |      21 |       0 |   0.0
        D:3 |      82 |     396 |  82.8 |      17 |       2 |  10.5
        D:4 |     412 |       0 |   0.0 |      13 |       0 |   0.0
        D:5 |     397 |     177 |  30.8 |      17 |       4 |  19.0
        D:6 |     834 |    1150 |  58.0 |      20 |      12 |  37.5
        D:7 |    1501 |     266 |  15.1 |      30 |       6 |  16.7
        D:8 |    1855 |     919 |  33.1 |      28 |       9 |  24.3
        D:9 |    1497 |     277 |  15.6 |      13 |       6 |  31.6
       D:10 |    3862 |     650 |  14.4 |      18 |      28 |  60.9
       D:11 |    5314 |       0 |   0.0 |      15 |       0 |   0.0
       D:12 |    6063 |    6758 |  52.7 |      20 |      24 |  54.5
       D:13 |    8787 |    2209 |  20.1 |      30 |       2 |   6.2
       D:14 |    7073 |   10948 |  60.8 |      20 |      30 |  60.0
       D:15 |    9990 |    6441 |  39.2 |      23 |       9 |  28.1
     Temple |      58 |       0 |   0.0 |       3 |       0 |   0.0
     Lair:1 |    5249 |    3486 |  39.9 |      30 |      33 |  52.4
     Lair:2 |    5151 |     159 |   3.0 |      17 |      10 |  37.0
     Lair:3 |    8611 |     911 |   9.6 |      35 |       3 |   7.9
     Lair:4 |   10140 |    2094 |  17.1 |      37 |       3 |   7.5
     Lair:5 |    4779 |    4483 |  48.4 |      21 |      10 |  32.3
     Lair:6 |   16675 |   11456 |  40.7 |      57 |      53 |  48.2
    Swamp:1 |   11200 |       0 |   0.0 |      24 |       0 |   0.0
    Swamp:2 |   12230 |     866 |   6.6 |      26 |       1 |   3.7
    Swamp:3 |   16176 |    8356 |  34.1 |      28 |       9 |  24.3
    Swamp:4 |   11953 |   14796 |  55.3 |      21 |      23 |  52.3
   Spider:1 |   22757 |       0 |   0.0 |      71 |       0 |   0.0
   Spider:2 |    4485 |       0 |   0.0 |      13 |       0 |   0.0
   Spider:3 |   11048 |    2695 |  19.6 |      32 |       3 |   8.6
   Spider:4 |   19959 |   22543 |  53.0 |      41 |      39 |  48.8
    Slime:1 |    3186 |       0 |   0.0 |       7 |       0 |   0.0
    Slime:2 |    4316 |    9247 |  68.2 |       7 |       7 |  50.0
    Slime:3 |   19788 |       0 |   0.0 |      44 |       0 |   0.0
    Slime:4 |   11606 |       0 |   0.0 |      26 |       0 |   0.0
    Slime:5 |   14645 |   22490 |  60.6 |      23 |      17 |  42.5
      Orc:1 |    3429 |    2281 |  39.9 |      47 |       2 |   4.1
      Orc:2 |    3855 |    7720 |  66.7 |      35 |      34 |  49.3
      Elf:1 |   22181 |    9504 |  30.0 |      35 |      22 |  38.6
      Elf:2 |   14381 |    4155 |  22.4 |      24 |       5 |  17.2
      Elf:3 |   14378 |   43700 |  75.2 |      24 |      38 |  61.3
   Vaults:1 |   33871 |   21891 |  39.3 |      49 |      26 |  34.7
   Vaults:2 |   27940 |   46104 |  62.3 |      41 |      53 |  56.4
   Vaults:3 |   15578 |   29440 |  65.4 |      23 |      35 |  60.3
   Vaults:4 |   39722 |   17254 |  30.3 |      52 |      25 |  32.5
    Crypt:1 |   34420 |    7134 |  17.2 |      44 |       8 |  15.4
    Crypt:2 |   29370 |    4266 |  12.7 |      40 |       3 |   7.0
    Crypt:3 |   21912 |   41262 |  65.3 |      31 |      57 |  64.8
     Tomb:1 |    7730 |   25144 |  76.5 |      25 |      31 |  55.4
   Depths:1 |   19622 |    6396 |  24.6 |      25 |      10 |  28.6
   Depths:2 |   20860 |    5248 |  20.1 |      27 |       7 |  20.6
   Depths:3 |   22252 |   14645 |  39.7 |      27 |      14 |  34.1
   Depths:4 |    9438 |   68429 |  87.9 |      11 |      64 |  85.3
      Zot:1 |   23089 |       0 |   0.0 |      21 |       0 |   0.0
      Zot:2 |   36068 |   10881 |  23.2 |      29 |      31 |  51.7
      Zot:3 |   65911 |       0 |   0.0 |      54 |       0 |   0.0
      Zot:4 |   41534 |   28844 |  41.0 |      27 |      18 |  40.0
      Zot:5 |   26865 |   92522 |  77.5 |      18 |      38 |  67.9
      Sewer |       0 |     149 | 100.0 |       0 |       2 | 100.0
    Ossuary |       0 |     797 | 100.0 |       0 |      15 | 100.0
     Bailey |       0 |    1544 | 100.0 |       0 |      23 | 100.0
            +---------+---------+-------+---------+---------+-------
